 Dungeon Crawl Stone Soup version 0.29-a0-887-gcbe080d7e0 (webtiles) character file.

Game seed: 7042781116509883803

4 zeratav the Stinger (level 1, 0/11 HPs)
             Began as an Octopode Venom Mage on July 21, 2022.
             Slain by a quokka (4 damage)
             ... on level 1 of the Dungeon.
             The game lasted 00:00:16 (164 turns).

zeratav the Stinger (Octopode Venom Mage)            Turns: 164, Time: 00:00:16

Health: 0/11       AC:  1    Str:  7    XL:     1   Next: 60%
Magic:  3/3        EV: 10    Int: 17    God:
Gold:   23         SH:  0    Dex: 12    Spells: 3/4 levels left

rFire   . . .      SeeInvis .   d - +0 dagger {short}
rCold   . . .      Faith    .   (no shield)
rNeg    . . .      Spirit   .   (helmet restricted)
rPois   .          Reflect  .   (no amulet)
rElec   .          Harm     .   (no ring)
rCorr   .          Rampage  .   (no ring)
Will    .....                   (no ring)
Stlth   +++.......              (no ring)
HPRegen 0.03/turn               (no ring)
MPRegen 0.08/turn               (no ring)
                                (no ring)
                                (no ring)

@: constricted
A: almost no armour, amphibious, 8 rings, camouflage 1, gelatinous body 1,
(nimble swimmer 1), tentacles
a: no special abilities


You were on level 1 of the Dungeon.
You visited 1 branch of the dungeon, and saw 1 of its levels.

You collected 23 gold pieces.


Innate Abilities, Weirdness & Mutations

You cannot wear most types of armour.
You are amphibious.
You can wear up to eight rings at the same time.
Your skin changes colour to match your surroundings (Stealth+).
Your rubbery body absorbs attacks. (AC +1, EV +1)
((You are camouflaged when in or above water. (Stealth+)))
You have tentacles for arms and can constrict up to eight enemies at once.


   Skills:
 - Level 2.0 Dodging
 + Level 3.0 Stealth
 - Level 2.0 Spellcasting
 - Level 1.0 Transmutations
 + Level 3.8 Poison Magic


You had 3 spell levels left.
You knew the following spells:

 Your Spells              Type           Power      Damage    Failure   Level
a - Sting                 Tmut/Pois      36%        1d4       7%          1

Your spell library contained the following spells:

 Spells                   Type           Power      Damage    Failure   Level
 Poisonous Vapours        Pois/Air       16%        N/A       13%         2
 Foxfire                  Conj/Fire      4%         2x1d4     19%         1
 Mephitic Cloud           Conj/Pois/Air  6%         N/A       34%         3
 Conjure Flame            Conj/Fire      1%         6-21      50%         3
 Inner Flame              Hex/Fire       1%         N/A       50%         3
 Olgreb's Toxic Radiance  Pois           14%        N/A       36%         4
 Flame Wave               Conj/Fire      1%         2d4       88%         4

Inventory:

Hand Weapons
 d - a +0 dagger (weapon) {short}
   (You took it off a goblin on level 1 of the Dungeon)
Scrolls
 b - 3 scrolls of identify {unknown}
Potions
 a - a potion of magic
 c - a potion of heal wounds {unknown}

Dungeon Overview and Level Annotations

Branches:
Dungeon (1/15) Zot: 5835

Altars:

.# #..≈≈≈≈≈≈≈≈≈≈
.#########.≈≈≈≈...≈≈≈≈.#
........##.≈≈≈≈♣_.≈≈≈≈≈#
.....#......≈≈≈≈♣≈≈≈≈≈≈#
........##.≈≈≈≈≈≈≈≈≈≈≈.#
........##.≈≈≈≈≈≈≈≈≈≈≈≈#
.........#..≈≈≈≈≈≈≈≈≈..#
.....#...#≈≈.$≈.≈S≈≈...#
....##...#≈≈≈.≈.@.≈≈≈..#
.#####......####rl.#####
.###.....#### #...B...
..##.###.# .........
#.#..# #... .........
..#.## ####. ..........
.##.# # ##...##### .##.#
#.... ###.#


You could see a quokka, a giant cockroach, a ball python and a frilled lizard.


Message History

🤖 Initializing magus.rc ...
Bad channel name for runrest: 'pray:' ✅ Successfully initialized magus.rc [v1.9.6] Welcome, zeratav the Octopode Venom Mage.
Below lies the Orb of Zot, rumoured to be powerful enough to resurrect a god...
Press ? for a list of commands and other information.
Found a staircase leading out of the dungeon.
Found a stone staircase leading down.
b - 3 scrolls labelled JEIVYMACAR No target in view!
You see here a +0 robe.
A bat comes into view.
A bat is nearby!
You closely miss the bat. You grab the bat. You squeeze the bat.
You kill the bat!
You can't see any susceptible monsters within range! (Use Z to cast anyway.)
You can't see any susceptible monsters within range! (Use Z to cast anyway.)
You can't see any susceptible monsters within range! (Use Z to cast anyway.)
You pick up a book of Flames and begin reading...
You add the spells Foxfire, Conjure Flame, Inner Flame and Flame Wave to your library.
c - a blue potion You now have 11 gold pieces.
A ball python comes into view.
A ball python is nearby!
A goblin comes into view. It is wielding a +0 dagger.
The sting hits the ball python.
The ball python is poisoned.
The ball python hisses angrily.
The goblin shouts!
MP[-1]
You lost 1 mp, and now have 2/3 mp.
The sting hits the ball python.
The ball python looks even sicker.
You kill the ball python!
MP[-1]
You lost 1 mp, and now have 1/3 mp.
You can't see any susceptible monsters within range! (Use Z to cast anyway.)
You can't see any susceptible monsters within range! (Use Z to cast anyway.)
The sting hits the goblin.
The goblin is poisoned.
MP[-1]
You lost 1 mp, and now have 0/3 mp.
You are out of magic!
You are out of magic!
You are out of magic!
Okay, then.
You closely miss the goblin. Your grab misses the goblin.
Your squeeze misses the goblin.
You kill the goblin!
No target in view!
d - a +0 dagger {short} MP[+3]
Your mp is fully restored (3).
d - a +0 dagger (weapon)
{short} You now have 23 gold pieces (gained 12).
Found a faded altar of an unknown god.
No target in view!
A ball python comes into view.
A ball python is nearby!
A hobgoblin and a quokka come into view.
The hobgoblin shouts!
A frilled lizard comes into view.
The quokka twitches its whiskers.
The hobgoblin hits you.
A giant cockroach comes into view.
HP[-5]
You take 5 damage, and now have 6/11 hp.
MASSIVE DAMAGE!! (PAUSE)
The ball python hisses angrily.
The frilled lizard hisses angrily.
You hit the hobgoblin but do no damage. Your grab misses the hobgoblin.
You tentacle-slap the hobgoblin, but do no damage.
You squeeze the hobgoblin.
You kill the hobgoblin!
Your Stealth skill increases to level 3!
The ball python misses you. x2
You closely miss the quokka. You grab the quokka. You constrict the quokka.
The ball python closely misses you. The ball python grabs you.
The ball python constricts you.
* * * LOW HITPOINT WARNING * * *
The frilled lizard bites you.
* * * LOW HITPOINT WARNING * * *
The quokka bites you.
You die...

Skill      XL: |  1 |
---------------+----+-----
Stealth        | 3 |  3.0
Dodging        | |  2.0
Spellcasting   | |  2.0
Transmutations | |  1.0
Poison Magic   | |  3.8

Action                   || total
-------------------------++-------
Melee: Dagger            ||     2
       Unarmed           ||     2
       Constrict         ||     2
       Tentacles         ||     2
       Punch             ||     1
 Cast: Sting             ||     3
Dodge: Dodged            ||     3

Levels and vault maps discovered:
D:1:      saegor_arrival_simple_a, layout_loops_cross,
          chequers_ecumenical_altar_island, st_stairs_8, minmay_3d_cube

Notes
Turn   | Place    | Note
-------+----------+-------------------------------------------
     0 | D:1      | zeratav the Octopode Venom Mage began the quest for the
                  | Orb.
     0 | D:1      | Reached XP level 1. HP: 11/11 MP: 3/3
     0 | D:1      | magus.rc [v1.9.6]
    54 | D:1      | You pick up a book of Flames and begin reading...
    54 | D:1      | You add the spells Foxfire, Conjure Flame, Inner Flame and
                  | Flame Wave to your library.
   154 | D:1      | Found a faded altar of an unknown god.
   163 | D:1      | Reached skill level 3 in Stealth
   164 | D:1      | Slain by a quokka

Vanquished Creatures
  A goblin (D:1)
  A hobgoblin (D:1)
  A ball python (D:1)
  A bat (D:1)
4 creatures vanquished.

Table legend:
 A = Non-vault XP
 B = Vault XP
 C = Vault XP percentage of total XP
 D = Non-vault monster count
 E = Vault monster count
 F = Vault count percentage of total count
                 A         B        C        D         E       F
            +---------+---------+-------+---------+---------+-------
      Total |       5 |       1 |  16.7 |       3 |       1 |  25.0
            +---------+---------+-------+---------+---------+-------
        D:1 |       5 |       1 |  16.7 |       3 |       1 |  25.0
            +---------+---------+-------+---------+---------+-------

Illustrated notes

Table legend:
 A = Kills in this place as a percentage of kills in entire the game.
 B = Kills by you in this place as a percentage of kills by you in the entire game.
 C = Kills by friends in this place as a percentage of kills by friends in the entire game.
 D = Other kills in this place as a percentage of other kills in the entire game.
 E = Experience gained in this place as a percentage of experience gained in the entire game.
 F = Experience gained in this place divided by the number of levels of this place that you have seen.
                   A       B       C       D       E      F
               +-------+-------+-------+-------+-------+----------------------
         Total | 100.0 | 100.0 |   N/A |   N/A | 100.0 |   6.0
       Dungeon | 100.0 | 100.0 |   N/A |   N/A | 100.0 |   6.0
               +-------+-------+-------+-------+-------+----------------------

Table legend: (Time is in decaauts)
 A = Elapsed time spent in this place.
 B = Non-inter-level travel time spent in this place.
 C = Inter-level travel time spent in this place.
 D = Time resting spent in this place.
 E = Time spent auto-exploring this place.
 F = Levels seen in this place.
 G = Mean time per level.
                   A        B        C        D        E       F      G
               +--------+--------+--------+--------+--------+-----+--------+
         Total |    163 |    163 |      0 |      0 |    134 |   1 |  163.0 |
       Dungeon |    163 |    163 |      0 |      0 |    134 |   1 |  163.0 |
               +--------+--------+--------+--------+--------+-----+--------+

Top non-repeatable levels by time:
     D:1: 163 daAuts
